[Event "Mitropa Cup Women 2022"]
[Site "Corte"]
[Date "2022.05.06"]
[Round "7.3"]
[White "Butenandt, Svenja"]
[Black "Sankova, Stella"]
[Result "1/2-1/2"]
[ECO "E46"]
[WhiteElo "2086"]
[BlackElo "2055"]
[Annotator "TA"]
[PlyCount "78"]
[EventDate "2022.04.30"]
[EventType "team-tourn"]
[EventCountry "FRA"]
[SourceTitle "playchess.com"]
[Source "ChessBase"]
[SourceQuality "1"]
[WhiteTeam "Germany"]
[BlackTeam "Slovakia"]
[WhiteTeamCountry "GER"]
[BlackTeamCountry "SVK"]
[TimeControl "40/5400+30:1800+30"]

1. d4 Nf6 2. c4 e6 3. Nc3 Bb4 4. e3 O-O 5. Nge2 Re8 6. a3 Bf8 7. d5 d6 {[%emt 0:09:39] E46: Nimzo-Indian: Rubinstein: 4 e3 0-0 5 Ne2 without early Bd3.} 8. g3 exd5 9. cxd5 Bf5 10. Bg2 Nbd7 11. f3 {[%emt 0:06:47] [#]} h6 $146 ({Predecessor:} 11... Nc5 12. e4 Bg6 13. b4 Ncd7 14. O-O a5 15. Be3 Ne5 16. Nf4 axb4 17. axb4 Rxa1 18. Qxa1 {½-½ (65) Villegas,P (2367)-Doluhanova,E (2229) Chess.com INT 2020}) 12. e4 Bh7 13. O-O c6 $1 14. g4 (14. Be3 $11) 14... cxd5 $15 15. Nxd5 Nxd5 16. Qxd5 Qb6+ (16... Nb6 {with more complications.} 17. Qxb7 d5 18. Be3 dxe4 19. Rad1 Qc8) 17. Qd4 d5 {[%emt 0:07:00] [#] Strongly threatening ...Bc5.} 18. Qxb6 Nxb6 19. Nc3 dxe4 20. Nxe4 Rac8 21. Be3 Rc2 (21... Nc4 $17 22. Bf2 Nxb2) 22. Rf2 Rec8 23. b4 Rxf2 24. Bxf2 Nd7 {[%emt 0:06:57] Inhibits Nc5.} 25. Rd1 ({Of course not} 25. Bxa7 Bxe4 26. fxe4 b6 $17) 25... Ne5 26. f4 Nxg4 27. Bxa7 Ra8 28. Bc5 Rxa3 29. h3 Bxe4 (29... b6 $5 30. Bxb6 (30. Bxf8 Bxe4 31. Bxe4 Rg3+ 32. Bg2 Ne3 $17) 30... Ne3 31. Bxe3 Bxe4 32. Bxe4 Rxe3 $15) 30. Bxe4 Bxc5+ (30... Rxh3 $2 31. Rd8 g6 32. Bxb7 $18) 31. bxc5 {[%emt 0:00:03][%cal Rd1d8][%mdl 4096] [#] Endgame KRB-KRN. The position is equal.} Rg3+ 32. Kf1 Ne3+ 33. Kf2 Nxd1+ 34. Kxg3 $11 {[%emt 0:00:01] KB-KN} Kf8 35. Bxb7 {[%emt 0:01:04] And now c6 would win.} Ke7 36. h4 Nb2 37. Be4 Na4 38. c6 {[%emt 0:00:04] c7 is the strong threat.} Nc5 39. Bd5 f5 {[%emt 0:01:17] Weighted Error Value: White=0.11 (very precise) /Black=0.10 (very precise)} 1/2-1/2

[Event "Mitropa Cup Women 2022"]
[Site "Corte"]
[Date "2022.05.06"]
[Round "7.4"]
[White "Vujnovic, Patricija"]
[Black "Leconte, Maria"]
[Result "1-0"]
[ECO "A01"]
[WhiteElo "2108"]
[BlackElo "2211"]
[Annotator "TA"]
[PlyCount "73"]
[EventDate "2022.04.30"]
[EventType "team-tourn"]
[EventCountry "FRA"]
[SourceTitle "playchess.com"]
[Source "ChessBase"]
[SourceQuality "1"]
[WhiteTeam "Croatia"]
[BlackTeam "France"]
[WhiteTeamCountry "CRO"]
[BlackTeamCountry "FRA"]
[TimeControl "40/5400+30:1800+30"]

1. b3 d5 2. Bb2 Bg4 3. Nf3 Bxf3 4. exf3 e6 5. g3 Nf6 6. Bg2 {[%emt 0:00:27] A06: Réti Opening: 1 Nf3 d5.} g6 7. c4 {[%emt 0:09:52] Black must now prevent cxd5.} c6 8. O-O {[%emt 0:00:54] [#] White is slightly better.} d4 $146 ({Predecessor:} 8... Bg7 9. f4 O-O 10. Qc2 Nbd7 11. d4 a5 12. Nd2 Re8 13. a3 Ng4 14. c5 Nh6 {½-½ (14) Wang,T (2336)-Ostrovskiy,A (2401) Charlotte 2021}) 9. d3 Bg7 10. f4 O-O 11. Nd2 Na6 (11... a5 $14) 12. a3 $16 Nd7 13. b4 Rc8 14. Nb3 Nb6 15. b5 cxb5 16. cxb5 (16. Bxb7 $16 bxc4 17. Bxa6 (17. Bxc8 Qxc8 18. dxc4 Rd8 $16) 17... cxb3 18. Bxc8 (18. Qxb3 Rb8 $17) 18... Qxc8 19. Rc1 (19. Qxb3 Nd5 $16)) 16... Nc5 $14 17. Nxc5 Rxc5 18. a4 Rc7 19. Qb3 g5 {[%emt 0:02:44] [#]} ({Black should try} 19... h5 $14) 20. a5 $1 $16 Nd5 21. f5 ({Better is} 21. Bxd5 $18 Qxd5 22. Qxd5 exd5 23. Rfc1 (23. fxg5 Rc2 $16) 23... Rxc1+ 24. Rxc1) 21... Rc3 $2 {[%emt 0:02:05][%mdl 8192] This costs Black the game.} 22. Bxc3 $18 dxc3 23. fxe6 fxe6 24. d4 Kh8 25. Bxd5 Qxd5 26. Qxd5 ({Less strong is} 26. Qxc3 Bxd4 27. Qb4 Rf7 $16) 26... exd5 {[%emt 0:00:01][%mdl 4096] Endgame KRR-KRB} 27. Rfd1 Rc8 28. Rac1 {[%emt 0:02:54] [#] And now Rd3 would win.} Bf8 29. Rc2 Bb4 30. a6 b6 (30... bxa6 31. bxa6 Kg7) 31. Kf1 Ba3 32. Ke2 Bb2 33. Kd3 Rc4 34. Re1 {[%emt 0:00:21] aiming for Re7.} Rb4 35. Re7 Rxb5 36. Rxa7 {[%emt 0:00:10] White wants to mate with Re2.} Ra5 37. Re2 {[%emt 0:00:32] Weighted Error Value: White=0.17 (very precise) /Black=1.01} 1-0

[Event "Mitropa Cup Women 2022"]
[Site "Corte"]
[Date "2022.05.06"]
[Round "7.4"]
[White "Froewis, Annika"]
[Black "Rozman, Monika"]
[Result "1/2-1/2"]
[ECO "D00"]
[WhiteElo "2090"]
[BlackElo "2117"]
[Annotator "TA"]
[PlyCount "114"]
[EventDate "2022.04.30"]
[EventType "team-tourn"]
[EventCountry "FRA"]
[SourceTitle "playchess.com"]
[Source "ChessBase"]
[SourceQuality "1"]
[WhiteTeam "Austria"]
[BlackTeam "Slovenia"]
[WhiteTeamCountry "AUT"]
[BlackTeamCountry "SLO"]
[TimeControl "40/5400+30:1800+30"]

1. d4 d5 2. Bf4 Nf6 3. e3 c5 4. c3 Nc6 5. Nd2 Qb6 6. Qb3 {[%emt 0:01:09] D00: 1 d4 d5: Unusual lines.} c4 7. Qc2 g6 8. e4 $1 {[%emt 0:05:04] Prevents Bf5. White is slightly better.} Nxe4 9. Nxe4 dxe4 10. Bxc4 Bg7 11. Ne2 Bf5 12. Be3 Qc7 {[%emt 0:00:53] [#]} 13. Bd5 $146 ({Predecessor:} 13. O-O O-O 14. Rac1 Rac8 15. a3 Ne5 16. dxe5 Qxc4 17. Ng3 Bxe5 18. Nxf5 gxf5 19. Bxa7 {0-1 (37) Yurtseven,M (2391)-Remizov,Y (2403) Chess.com INT 2020}) 13... Nb4 14. Qa4+ (14. Bxf7+ $5 Kxf7 15. Qb3+ Be6 16. Qxb4 $14) 14... Nc6 15. Qc2 Nb4 $1 {[%emt 0:05:05] [#]} 16. Bxf7+ $1 Kf8 (16... Kxf7 17. Qb3+) 17. Qb3 Nd3+ 18. Kf1 Rd8 19. Be6 Bxe6 (19... Qc6 $142 20. Bxf5 gxf5) 20. Qxe6 $16 Nxb2 21. Qxe4 Nc4 22. h4 Qc6 23. Qxc6 bxc6 24. Rb1 Kf7 25. Bf4 {[%emt 0:02:31] Prevents Rb8.} Rd7 26. Rh3 Rhd8 27. g4 e5 {[%emt 0:05:42] [#]} (27... a5 $16) 28. dxe5 (28. Rb4 $1 $18 {and White stays clearly on top.}) 28... Rd1+ 29. Rxd1 Rxd1+ 30. Kg2 Nxe5 31. Nd4 (31. Bxe5 $16 Bxe5 32. Rf3+ Ke6 33. Re3) 31... Nd3 32. Be3 Ne1+ 33. Kf1 Ra1 34. Ke2 ({Don't take} 34. Nxc6 Nf3+ 35. Kg2 Ne1+ 36. Kh2 Bf8) ({White should try} 34. Nb3 $16 Rb1 35. Ke2 (35. Bxa7 $2 Nd3+ 36. Kg2 Nf4+ 37. Kh2 Nxh3 $19)) 34... Ng2 $14 35. Nxc6 Rxa2+ 36. Kd3 Ne1+ 37. Kc4 a5 ({Better is} 37... Bxc3 $14 38. Nd8+ (38. Kxc3 Rc2+ 39. Kb3 Rxc6 $16) (38. Bxa7 Bf6 $16) 38... Ke8) 38. Bb6 a4 $2 (38... Rb2 $16 {is a better chance.}) 39. g5 $2 (39. Re3 $18 {is more deadly.} Bxc3 40. Rxc3) 39... Nc2 (39... Re2 $16 {was called for.}) 40. Bc5 (40. Rf3+ $18 Ke8 41. Bc5) 40... Rb2 {[%emt 0:01:03] [#] ...a3 is the strong threat.} 41. Rd3 (41. Rf3+ $1 $16 Ke8 42. Nd4) 41... a3 $1 $11 {[%emt 0:03:44] Strongly threatening ...a2.} 42. Rd7+ Ke6 $1 43. Re7+ Kf5 {[%emt 0:00:05] White must now prevent ...a2.} 44. Bxa3 Nxa3+ {[%emt 0:00:09][%mdl 64] Discovered Attack} 45. Kd3 {[%emt 0:00:16] [#]} Rb6 $1 46. Rxg7 {[%emt 0:02:32] And now Nd4+ would win.} Rxc6 47. Rxh7 $15 {[%emt 0:00:19][%mdl 4096] Endgame KRN-KR} Rd6+ 48. Ke2 Nc4 49. h5 Kxg5 50. hxg6 Kxg6 51. Rc7 Ne5 52. Ke3 Kf5 53. Rc5 Rd3+ 54. Ke2 {[%emt 0:00:07][%cal Oc5e5] Threatening mate with Rxe5+!} Rd6 55. Ke3 $1 Rd3+ 56. Ke2 {[%emt 0:00:06][%cal Oc5e5] Rxe5+! would kill now.} Rh3 57. Kd2 Rd3+ {[%emt 0:02:10] Weighted Error Value: White=0.28 (precise) /Black=0.29 (precise)} (57... Kf4 $15 {deserves consideration.}) 1/2-1/2

[Event "Mitropa Cup Women 2022"]
[Site "Corte"]
[Date "2022.05.06"]
[Round "7.4"]
[White "Sevcikova, Lucia"]
[Black "Buchholz, Maja"]
[Result "1-0"]
[ECO "E77"]
[WhiteElo "2019"]
[BlackElo "1945"]
[Annotator "TA"]
[PlyCount "87"]
[EventDate "2022.04.30"]
[EventType "team-tourn"]
[EventCountry "FRA"]
[SourceTitle "playchess.com"]
[Source "ChessBase"]
[SourceQuality "1"]
[WhiteTeam "Slovakia"]
[BlackTeam "Germany"]
[WhiteTeamCountry "SVK"]
[BlackTeamCountry "GER"]
[TimeControl "40/5400+30:1800+30"]

1. d4 Nf6 2. c4 g6 3. Nc3 Bg7 4. e4 d6 5. f4 O-O 6. Nf3 c5 7. d5 e6 8. Be2 exd5 9. cxd5 Bg4 10. O-O Re8 11. h3 Bxf3 12. Bxf3 Nbd7 13. Re1 Qa5 14. Bd2 {[%emt 0:11:12] A68: Modern Benoni: Four Pawns Attack without 9...Re8.} b5 {[%emt 0:04:53] [#]} 15. Ne2 $146 (15. a3 $14) ({Predecessor:} 15. Qc2 b4 16. Nd1 Nb6 17. a3 Qa6 18. Qb1 b3 19. a4 Re7 20. a5 Nbd7 21. Be2 c4 {0-1 (42) Jarmuz,F (1822)-Quirk,M (1998) ICCF email 2016}) 15... Qb6 16. Ng3 {[%emt 0:03:27] The position is equal.} a5 17. Be3 Rac8 18. Qd2 Qc7 19. Rac1 (19. Rad1 $11) 19... Nb6 (19... c4 $1 $15) 20. b3 $11 b4 21. e5 Nfd7 22. Ne4 dxe5 23. d6 Qb8 {[%emt 0:01:04] Threatening ...c4.} 24. Bxc5 f5 25. Ng5 e4 26. Bxb6 Qxb6+ 27. Kh2 {[%emt 0:00:22] [#] Qd5+ would kill now. Chess con chili.} Rc5 {[%emt 0:04:57] Prevents Qd5+.} (27... Qd4 $15 28. Qxd4 Bxd4 29. Rxc8 Rxc8) 28. Be2 $1 {[%emt 0:03:54] Bc4+ is the strong threat.} Bc3 $2 {[%emt 0:03:36][%mdl 8192] This move loses the game for Black.} (28... h6 $11 29. Rxc5 Qxc5 30. Bc4+ Kh8 31. Nf7+ Kh7) 29. Bc4+ $18 Kg7 30. Rxc3 bxc3 31. Qd4+ Nf6 $2 (31... Rce5 32. Qxc3 Qxd6) 32. d7 ({Weaker is} 32. Nxh7 Kxh7 33. Qxf6 Qd8 $11) 32... Rd8 33. Ne6+ Qxe6 34. Bxe6 Rc6 35. Bc4 c2 36. Rc1 Rxd7 37. Qc3 a4 38. Rxc2 axb3 39. axb3 Rd1 40. Rd2 Rd6 41. Rxd6 Rxd6 42. Qe5 Rd7 43. b4 {[%emt 0:00:00] [#] Intending g4 and mate.} Rb7 44. b5 {[%emt 0:00:00] Weighted Error Value: White=0.25 (precise) /Black=0.80} (44. g4 $142 fxg4 45. hxg4 h6 46. g5 hxg5 47. fxg5 Kh7 48. gxf6 Kh6 49. f7) 1-0

[Event "Mitropa Cup Women 2022"]
[Site "Corte"]
[Date "2022.05.06"]
[Round "7.5"]
[White "Gaal, Zsoka"]
[Black "Hakimifard, Ghazal"]
[Result "1-0"]
[ECO "E06"]
[WhiteElo "2323"]
[BlackElo "2288"]
[Annotator "TA"]
[PlyCount "139"]
[EventDate "2022.04.30"]
[EventType "team-tourn"]
[EventCountry "FRA"]
[SourceTitle "playchess.com"]
[Source "ChessBase"]
[SourceQuality "1"]
[WhiteTeam "Hungary"]
[BlackTeam "Switzerland"]
[WhiteTeamCountry "HUN"]
[BlackTeamCountry "SUI"]
[TimeControl "40/5400+30:1800+30"]

1. d4 Nf6 2. c4 e6 3. g3 d5 4. Nf3 Be7 5. Bg2 O-O 6. O-O dxc4 7. Qa4 a6 8. Qxc4 b5 9. Qc2 Bb7 10. Bd2 Be4 11. Qc1 Nbd7 12. Ba5 {[%emt 0:03:41] E05: Open Catalan: 5 Nf3 Be7.} ({Don't play} 12. Nc3 Bb7 $15) 12... Ra7 13. Nbd2 Ba8 14. Qc2 {[%emt 0:09:11] [#] White is slightly better.} b4 $146 ({Predecessor:} 14... Qb8 15. b4 Nb6 16. Rac1 Rc8 17. Ne5 Bxg2 18. Kxg2 c6 19. Nxc6 Qb7 20. Bxb6 {1-0 (20) Iskusnyh,S (2473)-Sarkar,J (2377) Chess.com INT 2020}) 15. Rfc1 {[%emt 0:15:53][%cal Ra5c7] White is more active.} Nb6 16. a3 bxa3 17. b4 (17. bxa3 $16 Qd5 18. Bb4) 17... Nbd5 $14 18. Qc4 {[%emt 0:01:03][%mdl 1024] White has compensation.} Qb8 19. Rcb1 Rb7 $1 20. Ne5 Rb5 $1 21. Nd3 Nd7 (21... Nb6 $11 22. Bxb6 cxb6) 22. e4 $16 N5b6 23. Qc3 Bd6 (23... e5 $14) 24. Qxa3 e5 25. d5 c6 {[%emt 0:01:36] [#]} 26. Bxb6 ({White should play} 26. dxc6 $1 Bxc6 27. Bf1) 26... Nxb6 27. dxc6 Bxc6 28. Qxa6 Qc8 (28... Qc7 $16 29. Qa3 Ra8) 29. Bf1 (29. Qxc8 $18 Rxc8 30. Bf1) 29... Nd7 (29... Qd7 $16) 30. Rc1 Nb8 31. Qxc8 Rxc8 32. Nc4 Bc7 (32... Bxb4 $142 33. Ncxe5 Bf8) 33. Na3 $18 {[%emt 0:01:26] Pair of Knights!} Rb6 34. Nc4 Rb5 35. Na3 Rb6 36. b5 Bxe4 {[%emt 0:05:31] [#]} 37. Nxe5 $1 Re6 (37... Rb7 38. Rc4) 38. Nec4 Nd7 (38... Rd8 $142 39. Bg2 Bxg2) 39. Ne3 {[%emt 0:00:57] Bh3 is the strong threat.} g6 40. Nac4 Ree8 (40... Bb6 $16 41. Nxb6 Rxc1 42. Rxc1 Nxb6) 41. Ra7 Nc5 (41... Nb6 $16 42. Nd2 Bb8 43. Rxc8 Nxc8) 42. b6 Bb8 43. Ra3 Ne6 44. Rd1 {[%emt 0:07:01] Prevents Nd4.} Red8 45. Rxd8+ Rxd8 46. Bg2 Bd3 47. Bd5 Nc5 (47... Rxd5 $2 48. Nxd5 Bxc4 49. Ne3 $18) 48. Na5 {[%emt 0:00:36] Threatens to win with Nc6.} Bb5 49. Rc3 Na4 50. Rb3 Be8 51. Nc6 Bxc6 52. Bxc6 Nc5 53. Rc3 Ne6 54. Bd5 Kf8 $2 (54... Kg7 {might work better.} 55. Kg2 Kf6) 55. b7 Ke7 (55... Nc7 {was necessary.} 56. Bf3 Ke7) 56. Kg2 {[%emt 0:00:17] Hoping for Rc8.} Nf8 $2 (56... Nc7) 57. Bf3 Rd2 58. Nd5+ Kd6 59. Rc8 Nd7 60. Ne3 {[%emt 0:00:56] Strongly threatening Nc4+.} Ra2 61. Nc4+ Ke7 62. Bc6 {[%emt 0:00:47] And now Bxd7 would win.} Ba7 63. Rc7 Rxf2+ 64. Kh3 Rc2 65. Rxd7+ Kf6 66. Na5 {[%emt 0:00:45] aiming for Bd5.} h5 67. Be4 Rb2 68. Nc6 g5 69. g4 {[%emt 0:00:16] White wants to mate with Bd5.} Bg1 70. b8=Q {[%emt 0:00:15] Weighted Error Value: White=0.42/Black=0.35} (70. Rd6+ $142 Kg7 71. gxh5 g4+ 72. Kxg4 Be3 73. b8=Q Rxb8 74. Nxb8 Bh6 75. Kf5) 1-0

[Event "Mitropa Cup Women 2022"]
[Site "Corte"]
[Date "2022.05.06"]
[Round "7.5"]
[White "Movsesian, Julia"]
[Black "Zimina, Olga"]
[Result "1/2-1/2"]
[ECO "B12"]
[WhiteElo "2313"]
[BlackElo "2336"]
[Annotator "TA"]
[PlyCount "48"]
[EventDate "2022.04.30"]
[EventType "team-tourn"]
[EventCountry "FRA"]
[SourceTitle "playchess.com"]
[Source "ChessBase"]
[SourceQuality "1"]
[WhiteTeam "Czech Republic"]
[BlackTeam "Italy"]
[WhiteTeamCountry "CZE"]
[BlackTeamCountry "ITA"]
[TimeControl "40/5400+30:1800+30"]

1. e4 c6 2. d4 d5 3. e5 c5 4. dxc5 e6 5. a3 Bxc5 6. Qg4 {[%emt 0:00:10] B12: Caro-Kann: Advance Variation.} Ne7 7. Nf3 {[%emt 0:00:23] [#] Hoping for b4.} O-O {[%emt 0:00:58] ...Qb6 is the strong threat.} 8. Bd3 {[%emt 0:01:02][%cal Od3h7] Black must now prevent Bxh7+! White has an edge.} f5 9. exf6 Rxf6 {[%emt 0:00:07][%cal Oe6e5] And now ...e5! would win.} 10. Qh5 {[%emt 0:00:16] Dancing on a razor blade.} h6 11. O-O {[%emt 0:00:42] [#]} Bd7 $146 {[%emt 0:00:28] [#]} (11... Bd6 $11 {remains equal.}) ({Predecessor:} 11... Bd6 12. Re1 Nbc6 13. c4 Bd7 14. Nc3 Qe8 15. Qxe8+ Rxe8 16. Be3 a6 17. Rad1 Bc8 {1-0 (49) Leitao,R (2592)-Yuan,Q (2373) Chess.com INT 2022}) 12. b4 $1 $16 Bd6 13. Bb2 Qf8 ({Black should try} 13... Rf8) 14. Bxf6 {[%emt 0:09:27] White is more active.} Qxf6 15. Nbd2 Nbc6 (15... e5 $2 16. Rfe1) 16. Rad1 a5 17. b5 Nd8 18. c4 Nf7 19. cxd5 exd5 20. a4 Nf5 21. Qg4 Bc5 (21... Bb4 $16 22. Nb3 Rd8) 22. Qf4 Bd6 $1 {[%emt 0:02:43] This bishop pair is nice.} 23. Qg4 Bc5 $1 (23... Ne5 $2 24. Nxe5 Qxe5 25. Nf3 $18) 24. Qf4 $2 (24. Nb3 $18 Bb6 25. Rc1) 24... Bd6 $1 {[%emt 0:05:11] Weighted Error Value: White=0.22 (precise) /Black=0.16 (very precise)} 1/2-1/2

[Event "Mitropa Cup Women 2022"]
[Site "Corte"]
[Date "2022.05.06"]
[Round "7.6"]
[White "Brunello, Marina"]
[Black "Nemcova, Karin"]
[Result "1-0"]
[ECO "B90"]
[WhiteElo "2349"]
[BlackElo "2181"]
[Annotator "TA"]
[PlyCount "95"]
[EventDate "2022.04.30"]
[EventType "team-tourn"]
[EventCountry "FRA"]
[SourceTitle "playchess.com"]
[Source "ChessBase"]
[SourceQuality "1"]
[WhiteTeam "Italy"]
[BlackTeam "Czech Republic"]
[WhiteTeamCountry "ITA"]
[BlackTeamCountry "CZE"]
[TimeControl "40/5400+30:1800+30"]

1. e4 c5 2. Nf3 d6 3. d4 cxd4 4. Nxd4 Nf6 5. Nc3 a6 6. Be3 e6 7. Be2 Be7 8. O-O O-O 9. f4 Qc7 10. Bf3 {[%emt 0:07:04] 10.Kh1 is becoming the main line.} Nc6 11. Nb3 b5 12. a4 {[%emt 0:04:25] B85: Sicilian Scheveningen: 6 Be2 a6, lines with early Be3.} b4 13. Ne2 a5 {[%emt 0:04:55] [#]} 14. c4 $146 {[%emt 0:04:29] The position is equal.} ({Predecessor:} 14. Nbd4 Nxd4 15. Nxd4 Bb7 16. Nb5 Qb8 17. Qd3 {½-½ (17) Rabineau,C (2270)-Pruvot,L (2100) Paris 2012}) 14... bxc3 15. Nxc3 Bb7 16. Nb5 Qd7 (16... Qb8 $11 {keeps the balance.}) 17. Rc1 $16 {[%emt 0:20:08][%cal Oe4e5] And now e5! would win.} Rfc8 {[%emt 0:10:22] [#]} 18. Nd2 ({White should play} 18. e5 $1 $16 Nd5 19. Bxd5 exd5 20. exd6 Bxd6 21. Qxd5) 18... d5 (18... Nb4 $14) 19. e5 Ne8 {[%emt 0:01:12] [#]} 20. Nc4 $1 Bd8 {[%emt 0:01:35] [#]} 21. Nb6 {[%emt 0:04:52] 0x0.002ddf921d25dp-1022s more active pieces. The black rooks are badly placed.} (21. f5 $142 $1 ) 21... Bxb6 22. Bxb6 Ba6 23. Be2 $36 {[%emt 0:00:39][%mdl 2048] White is in control.} Qb7 24. Bc5 (24. Bf2 $16) 24... Bxb5 ({Better is} 24... Na7 $14) 25. axb5 ({Much less strong is} 25. Bxb5 $6 Nc7 $14) 25... Ne7 (25... Nb4 $16 26. Qd4 Nc7) 26. Qd4 $18 g6 27. g4 {[%emt 0:04:17] Inhibits h5.} Ng7 28. Rc3 h5 29. h3 Kh7 30. Bd3 Qd7 31. Rfc1 Rh8 $2 (31... a4 32. R3c2 Qd8) 32. Bd6 {[%emt 0:02:07] Hoping for Rc7. A strong pair of Bishops.} Ne8 {[%emt 0:05:44] [#] Inhibits Rc7.} 33. Rc7 $1 Nxc7 34. Rxc7 Qd8 35. Rxe7 hxg4 36. Rxf7+ Kg8 37. Rf8+ Qxf8 38. Bxf8 {[%emt 0:00:04][%cal Od4b6] White wants to mate with Qb6!} Rxf8 39. hxg4 Rh4 40. Be2 Rh3 41. f5 gxf5 42. gxf5 {[%emt 0:00:29] Qg4+ would kill now.} exf5 43. Qxd5+ {[%emt 0:00:04] White mates.} Kh8 44. e6 f4 45. Qe5+ Kh7 46. e7 Rg8+ 47. Kf2 Re3 48. Bd3+ {[%emt 0:00:00] Weighted Error Value: White=0.12 (very precise) /Black=0.54} 1-0

[Event "Mitropa Cup Women 2022"]
[Site "Corte"]
[Date "2022.05.06"]
[Round "7.6"]
[White "Heinatz, Gundula"]
[Black "Terbe, Zsuzsanna"]
[Result "1/2-1/2"]
[ECO "D00"]
[WhiteElo "2117"]
[BlackElo "2183"]
[Annotator "TA"]
[PlyCount "60"]
[EventDate "2022.04.30"]
[EventType "team-tourn"]
[EventCountry "FRA"]
[SourceTitle "playchess.com"]
[Source "ChessBase"]
[SourceQuality "1"]
[WhiteTeam "Switzerland"]
[BlackTeam "Hungary"]
[WhiteTeamCountry "SUI"]
[BlackTeamCountry "HUN"]
[TimeControl "40/5400+30:1800+30"]

1. d4 d5 2. Bf4 Nf6 3. e3 c5 4. c3 Nc6 5. Nd2 Bf5 6. Qb3 {[%emt 0:06:16] D00: 1 d4 d5: Unusual lines.} Qd7 7. Ngf3 c4 8. Qd1 e6 9. Ne5 Nxe5 10. Bxe5 Be7 11. Be2 O-O 12. g4 Be4 13. Rg1 {[%emt 0:05:51] [#]} Qc6 $146 ({Predecessor:} 13... Bg6 14. h4 h6 15. g5 hxg5 16. hxg5 Ne4 17. Nxe4 Bxe4 18. f3 Bg6 19. Kf2 Bd6 {½-½ (41) Gubajdullin,A (2343)-Bryakin,M (2459) Moscow 2020}) 14. Nf1 ({White should try} 14. g5 $11 Nd7 15. Nxe4 dxe4 16. Bf4) 14... Nd7 $15 15. Bg3 b5 16. f3 ({Better is} 16. Nd2 $15) 16... Bg6 $17 17. h4 b4 (17... h6 $17) 18. h5 $11 Bd3 19. Bxd3 cxd3 20. Qxd3 bxc3 (20... Rfc8 {feels hotter.} 21. cxb4 Bxb4+ 22. Kd1 Qa4+) 21. Qxc3 Qxc3+ 22. bxc3 Rfc8 23. Kd2 Rc6 24. Kd3 Rac8 25. Rc1 Nb6 26. Be1 Na4 27. Ng3 Nb2+ {[%emt 0:08:06] The position is equal.} 28. Kc2 Nc4 29. Kd3 Nb2+ 30. Kc2 Nc4 {[%emt 0:00:50] Weighted Error Value: White=0.13 (very precise) /Black=0.08 (flawless)} 1/2-1/2

[Event "Mitropa Cup Women 2022"]
[Site "Corte"]
[Date "2022.05.06"]
[Round "7.7"]
[White "Mihok-Juhasz, Barbara"]
[Black "Hund, Sarah"]
[Result "1-0"]
[ECO "C77"]
[WhiteElo "2202"]
[BlackElo "2086"]
[Annotator "TA"]
[PlyCount "109"]
[EventDate "2022.04.30"]
[EventType "team-tourn"]
[EventCountry "FRA"]
[SourceTitle "playchess.com"]
[Source "ChessBase"]
[SourceQuality "1"]
[WhiteTeam "Hungary"]
[BlackTeam "Switzerland"]
[WhiteTeamCountry "HUN"]
[BlackTeamCountry "SUI"]
[TimeControl "40/5400+30:1800+30"]

1. e4 e5 2. Nf3 Nc6 3. Bb5 a6 4. Ba4 Nf6 5. d4 exd4 6. O-O Be7 7. e5 Ne4 8. Nxd4 O-O 9. Nf5 d5 10. Nxe7+ Nxe7 11. c3 {[%emt 0:00:06] C84: Closed Ruy Lopez: Unusual White 6th moves.} Ng6 12. f3 Nc5 13. Bc2 {[%emt 0:00:05] Against Bf5. The position is equal.} Nxe5 14. b4 Ncd7 15. Qxd5 {[%emt 0:17:14] [#]} Qe7 $146 ({Predecessor:} 15... Ng6 16. Rd1 Qe7 17. Na3 Nf6 18. Qd3 Be6 19. Bg5 Rfd8 20. Qe3 b6 21. Bxf6 Qxf6 {½-½ (45) Kresovic,V-Kargoll,B Baden 1991}) 16. Bf4 Re8 17. Nd2 {[%emt 0:13:50] aiming for Rae1.} Nf6 18. Qxe5 Qxe5 19. Bxe5 Rxe5 20. Ne4 Be6 21. Rfe1 Bd5 22. Nxf6+ gxf6 23. a3 Kg7 24. f4 Ree8 25. Kf2 Rad8 26. g3 h6 27. Rxe8 Rxe8 $14 {[%emt 0:00:06][%mdl 4096] Endgame KRB-KRB} 28. Re1 Re6 29. Bf5 Rc6 30. Re3 {[%emt 0:00:12] White is more active.} b6 31. Ke1 a5 32. Kd2 axb4 33. cxb4 Bc4 {[%emt 0:01:45] [#]} (33... Rd6 $14 34. Kc3 b5) 34. a4 $1 $18 Rd6+ 35. Kc3 Be6 36. Bd3 (36. Bxe6 $18 {and the rest is easy.} fxe6 37. Kc4) 36... Rc6+ (36... c5 $16) 37. Kb2 Bc4 $2 (37... Rd6 {was necessary.} 38. a5 bxa5) 38. Bc2 (38. Bxc4 $142 Rxc4 39. Rb3) 38... b5 $2 (38... Kf8 39. Rc3 Bd5) 39. a5 Ra6 40. Re7 c5 41. Kc3 Kf8 42. Rb7 Ke8 43. Rb6 Rxb6 44. axb6 cxb4+ 45. Kxb4 {[%emt 0:00:00] KB-KB} Kd7 46. Kc5 Kc8 47. Be4 Be2 48. Bd5 (48. Bc6 $142 b4 49. Bd5 Kd7 50. Bc6+ Kc8 51. Kxb4 Bd1 52. Bd5 Kd7 53. Kc5) 48... Bf1 49. Bxf7 Bg2 50. Kxb5 {[%emt 0:00:00] Kc5 would kill now.} Kd7 51. Kc5 (51. Ka6 $142 Ke7 {[#]} 52. b7 $1 Bxb7+ 53. Kxb7 Kd6 54. Bg6 Kd7 55. Kb6 Kc8 56. Bf5+ Kd8 57. h4) 51... Bb7 52. Bd5 {[%emt 0:00:00] White mates.} Bc8 53. b7 Bxb7 54. Bxb7 Ke6 55. Bc8+ {[%emt 0:00:00] Weighted Error Value: White=0.13 (very precise) /Black=0.83} 1-0